 Dungeon Crawl Stone Soup version 0.23.0 (webtiles) character file.

Game seed: 17523114947174186827

957 werioijo the Chopper (level 7, 0/63 HPs)
             Began as a Minotaur Chaos Knight on Feb 15, 2019.
             Was a Plaything of Xom.
             Succumbed to Dowan's poison
             ... on level 5 of the Dungeon.
             The game lasted 00:29:39 (2467 turns).

werioijo the Chopper (Minotaur Chaos Knight)        Turns: 2467, Time: 00:29:39

Health: 0/63       AC: 13    Str: 20    XL:     7   Next: 91%
Magic:  6/6        EV: 11    Int:  9    God:    Xom [..*...]
Gold:   195        SH:  0    Dex: 10    Spells: 6/6 levels left

rFire    + . .     SeeInvis .   d - +2 flail (venom)
rCold    . . .     Gourm    .   (no shield)
rNeg     . . .     Faith    .   i - +3 ring mail {rF+}
rPois    .         Spirit   .   (helmet restricted)
rElec    .         Reflect  .   (no cloak)
rCorr    .         Harm     .   (no gloves)
MR       +....                  e - +0 pair of boots
Stlth    +.........             (no amulet)
HPRegen  0.20/turn              j - ring of the Komodo Dragon {AC+3 Str+2}
MPRegen  0.10/turn              b - ring of protection from magic

@: lethally poisoned (0 -> -4)
A: retaliatory headbutt, horns 2
a: Renounce Religion


You were on level 5 of the Dungeon.
You worshipped Xom.
You were a toy of Xom.
You were completely stuffed.

You visited 2 branches of the dungeon, and saw 7 of its levels.

You collected 195 gold pieces.

Inventory:

Hand Weapons
 a - a +0 hand axe of chaos
 d - a +2 flail of venom (weapon)
Armour
 e - a +0 pair of boots (worn)
 i - a +3 ring mail of fire resistance (worn)
Jewellery
 b - a ring of protection from magic (right hand)
 f - an uncursed ring of protection from cold
 j - the ring of the Komodo Dragon (left hand) {AC+3 Str+2}
   (You found it on level 5 of the Dungeon)

   [ring of protection]

   It affects your AC (+3).
   It affects your strength (+2).
Scrolls
 g - 2 scrolls of blinking
 h - 2 scrolls of remove curse
 k - a scroll of teleportation
Comestibles
 c - 11 rations


   Skills:
 + Level 6.1 Fighting
 + Level 6.4(7.4) Axes
 + Level 5.6(7.0) Maces & Flails
 + Level 4.8 Armour
 + Level 2.8 Dodging
 + Level 1.2 Stealth


You had 6 spell levels left.
You didn't know any spells.
Your spell library was empty.

Dungeon Overview and Level Annotations

Branches:
Dungeon (6/15)             Temple (1/1) D:5

Altars:
Okawaru
Ru
Xom
The Shining One

Annotations:
D:5 2 transporters, mys's ghost, novice CeHu


Innate Abilities, Weirdness & Mutations

You reflexively headbutt those who attack you in melee.
You have a pair of horns on your head.


Message History

You feel sick.
There is a stone staircase leading up here.
* * * LOW HITPOINT WARNING * * *
You feel sick.
You climb upwards.
Level annotation: 2 transporters, mys's ghost, novice CeHu
* * * LOW HITPOINT WARNING * * *
You feel sick.
There is a stone staircase leading down here.
* * * LOW HITPOINT WARNING * * *
You feel sick.
* * * LOW HITPOINT WARNING * * *
You feel sick.
You eat one of the 12 rations.
That ration really hit the spot!
* * * LOW HITPOINT WARNING * * *
You feel sick.
You aren't carrying any potions.
None of your equipped items are cursed.
You die...
Xom laughs nastily!

#.......# ###...).
#.......# #......#
#.......#####.#.....
####..................
#.......[###....####.#
#......#......(## #.#
#.....##.......# #.#
#....##>.......#####..
#....@..#.###........#
#....###..###.####...#
#........#...........#
#..<.......###.##..#.#
#.....#######..##.##.#
####### ##..###....#
##..####...©#
#..#.....#..#
########.#..##.....#


There were no monsters in sight!

Vanquished Creatures
  Grinder (D:4)
  Duvessa (D:6)
  An ice beast (D:5)
  Dowan (D:6)
  A scorpion (D:6)
  A howler monkey (D:4)
  A hound (D:4)
  2 orc priests (D:5)
  A bullfrog skeleton (D:4)
  2 iguanas
  Terence (D:3)
  4 orc wizards
  3 worker ants
  An ooze (D:4)
  An adder skeleton (D:5)
  5 dart slugs
  2 leopard geckos
  10 orcs
  4 bats
  4 giant cockroaches
  5 goblins
  6 hobgoblins
  4 jackals (D:4)
  7 kobolds
  2 quokkas
  3 frilled lizards
  A jackal skeleton (D:4)
  A quokka skeleton (D:4)
  5 rats
81 creatures vanquished.

Notes
Turn   | Place    | Note
-------+----------+-------------------------------------------
     0 | D:1      | werioijo the Minotaur Chaos Knight began the quest for the
                  | Orb.
     0 | D:1      | Reached XP level 1. HP: 19/19 MP: 0/0
    99 | D:1      | Reached XP level 2. HP: 16/27 MP: 1/1
   435 | D:2      | Reached XP level 3. HP: 32/33 MP: 2/2
   783 | D:2      | XOM: harmless Fire miscast
  1045 | D:3      | Reached skill level 5 in Axes
  1045 | D:3      | Reached XP level 4. HP: 36/41 MP: 3/3
  1234 | D:3      | Noticed Terence
  1246 | D:3      | XOM: potion effect (might)
  1248 | D:3      | Killed Terence
  1251 | D:3      | Reached XP level 5. HP: 38/47 MP: 4/4
  1380 | D:4      | XOM: silly message
  1402 | D:4      | XOM: mild Fire miscast
  1573 | D:4      | Noticed Grinder
  1573 | D:4      | Paralysed by Grinder for 4 turns
  1582 | D:4      | XOM: potion effect (agility)
  1584 | D:4      | Killed Grinder
  1584 | D:4      | Reached skill level 5 in Fighting
  1584 | D:4      | Reached skill level 1 in Stealth
  1584 | D:4      | Reached XP level 6. HP: 45/56 MP: 5/5
  1776 | D:4      | Reached XP level 7. HP: 61/61 MP: 6/6
  1990 | D:5      | Entered Level 5 of the Dungeon
  2077 | D:5      | Found a staircase to the Ecumenical Temple.
  2100 | Temple   | Entered the Ecumenical Temple
  2248 | D:5      | Got a coiled lead ring
  2251 | D:5      | Identified the ring of the Komodo Dragon {AC+3 Str+2} (You
                  | found it on level 5 of the Dungeon)
  2275 | D:5      | XOM: noise
  2276 | D:5      | XOM: confuse monster(s)
  2281 | D:5      | XOM: enchant monster (good)
  2297 | D:5      | Found a transporter.
  2299 | D:5      | Noticed mys's ghost (novice CeHu)
  2300 | D:5      | Found a transporter.
  2446 | D:6      | Noticed Duvessa
  2446 | D:6      | Noticed Dowan
  2452 | D:6      | Killed Dowan
  2452 | D:6      | Reached skill level 5 in Maces & Flails
  2454 | D:6      | XOM: confuse monster(s)
  2456 | D:6      | Killed Duvessa
  2464 | D:5      | HP: 3/63 [poisoned by Dowan]
  2466 | D:5      | HP: 1/63 [poisoned by Dowan]
  2467 | D:5      | Succumbed to Dowan's poison

Skill      XL: |  1  2  3  4  5  6  7 |
---------------+----------------------+-----
Axes           | 4 5 6 |  6.4
Fighting       | 4 5 6 |  6.1
Armour         | 3 4 |  4.8
Maces & Flails | 2 5 |  5.6
Dodging        | 2 |  2.8
Stealth        | 1 |  1.2

Action                   |  1- 3 |  4- 6 |  7- 9 || total
-------------------------+-------+-------+-------++-------
Melee: Hand axe          |    60 |    31 |       ||    91
       Headbutt          |    13 |     9 |     8 ||    30
       Flail             |       |    47 |    46 ||    93
  Use: Potion            |     4 |     3 |     3 ||    10
       Scroll            |     3 |     4 |     1 ||     8
 Stab: Paralysed         |     1 |       |       ||     1
       Sleeping          |     1 |       |       ||     1
       Confused          |       |       |     1 ||     1
  Eat: Ration            |       |     1 |     3 ||     4
Armor: Leather armour    |    16 |       |       ||    16
       Ring mail         |     6 |    22 |    28 ||    56
Dodge: Dodged            |    46 |    39 |    29 ||   114
